 Dungeon Crawl Stone Soup version 0.19-a0-1821-g42c593c (webtiles) character file.

42 poirepourri the Sneak (level 3, -4/16 HPs)
             Began as a Spriggan Enchanter on Oct 6, 2016.
             Slain by an orc
             ... wielding a +2 vampiric short sword
              (6 damage)
             ... on level 3 of the Dungeon.
             The game lasted 00:03:11 (2541 turns).

poirepourri the Sneak (Spriggan Enchanter)          Turns: 2541, Time: 00:03:13

Health: -4/16      AC:  3    Str:  4    XL:     3   Next: 33%
Magic:  1/8        EV: 19    Int: 16    God:
Gold:   115        SH:  0    Dex: 17    Spells: 2 memorised, 4 levels left

rFire  . . .     SeeInvis +     a - +1 dagger
rCold  . . .     Gourm    .     b - +1 robe
rNeg   . . .     Faith    .     (shield restricted)
rPois  .         Spirit   .     (helmet restricted)
rElec  .         Dismiss  .     (no cloak)
rCorr  .         Reflect  .     (gloves unavailable)
MR     .....     Harm     .     (boots unavailable)
Stlth  +++.......               (no amulet)
                                (no ring)
                                (no ring)

@: slowed, quick
A: unfitting armour, see invisible, herbivore 3, speed 3, slow metabolism 2
a: no special abilities


You were on level 3 of the Dungeon.
You were not hungry.

You visited 1 branch of the dungeon, and saw 3 of its levels.

You collected 115 gold pieces.

Inventory:

Hand Weapons
 a - a +1 dagger (weapon)
Armour
 b - a +1 robe (worn)
Scrolls
 g - 2 scrolls of remove curse
Potions
 e - a potion of curing
 f - a potion of flight {unknown}
 h - a potion of agility {unknown}
 i - a potion of degeneration {unknown}
Books
 c - a book of Maledictions

   Spells                             Type                      Level
   a - Corona                         Hexes                        1
   b - Ensorcelled Hibernation        Hexes/Ice                    2
   c - Confuse                        Hexes                        3
   d - Tukima's Dance                 Hexes                        3
   e - Dazzling Spray                 Conjuration/Hexes            3
Comestibles
 d - 2 bread rations


   Skills:
 - Level 0.1 Fighting
 + Level 1.5 Short Blades
 + Level 3.6 Dodging
 + Level 5.2 Stealth
 + Level 2.9 Spellcasting
 + Level 4.1 Hexes
 - Level 0.1 Ice Magic


You had 4 spell levels left.
You knew the following spells:

 Your Spells              Type           Power        Failure   Level  Hunger
a - Corona                Hex            ###....      4%          1    #......
b - Ensorcelled Hibernat  Hex/Ice        #.....       14%         2    ##.....


Dungeon Overview and Level Annotations

Branches:
Dungeon (3/15)

Altars:
Elyvilon
Fedhas
Hepliaklqana
Uskayaw
Xom


Innate Abilities, Weirdness & Mutations

You are very small and have problems with some larger weapons.
You are too small for most types of armour.
You have supernaturally acute eyesight. (SInv)
You are a herbivore.
You cover ground extremely quickly.
You need consume almost no food.


Message History

The orc wizard barely misses you.
The orc hits you with a vampiric short sword.
The orc wizard misses you.
Okay, then.
It was a potion of curing.
You feel better. The orc wizard hits you with a dagger.
The orc barely misses you.
The orc wizard hits you but does no damage.
The orc barely misses you.
You barely miss the orc wizard.
The orc wizard hits you with a dagger. x2
The orc hits you with a vampiric short sword.
You completely miss the orc wizard. The orc wizard hits you with a dagger.
The orc barely misses you. The orc wizard completely misses you.
A rat comes into view.
You hit the orc wizard but do no damage.
The orc wizard casts a spell at you. The magic dart hits you!
The orc closely misses you. The orc wizard hits you with a dagger.
* * * LOW HITPOINT WARNING * * *
The orc hits you with a vampiric short sword.
You die...

### .o# #o# #.#
# #.#
####.###.#####
#.r.oo@o.....#
..###.###.###.#
# #.# #.# #.#
#<# #.# #># #.#
#.# ..# #<# ###
#.# #.#


You could see an orc wizard, 2 orcs and a rat.

Vanquished Creatures
  An adder (D:3)
  2 orcs (D:3)
  3 bats
  3 goblins
  4 hobgoblins
  4 jackals (D:2)
  2 ball pythons
  A frilled lizard (D:2)
  4 kobolds
  6 rats
30 creatures vanquished.

Notes
Turn   | Place    | Note
-------+----------+-------------------------------------------
     0 | D:1      | poirepourri the Spriggan Enchanter began the quest for the Orb.
     0 | D:1      | Reached XP level 1. HP: 9/9 MP: 5/5
  1296 | D:1      | Reached XP level 2. HP: 13/13 MP: 6/6
  1304 | D:1      | Learned a level 2 spell: Ensorcelled Hibernation
  1476 | D:2      | Reached skill level 5 in Stealth
  2007 | D:2      | Found a shimmering altar of Xom.
  2008 | D:2      | Found a blossoming altar of Fedhas.
  2008 | D:2      | Found a hide-covered altar of Uskayaw.
  2008 | D:2      | Found a white marble altar of Elyvilon.
  2010 | D:2      | Found a hazy altar of Hepliaklqana.
  2513 | D:3      | Reached XP level 3. HP: 16/16 MP: 8/8
  2541 | D:3      | Slain by an orc

Vault maps used:
D:1:      nicolae_arrival_somewhat_less_tricky_arrival
D:2:      minitemple
D:3:      ecumenical_altar_1, xom_redecorated

Skill      XL: |  1  2  3 |
---------------+----------+-----
Stealth        | 5 |  5.2
Hexes          | 4 |  4.1
Fighting       | |  0.1
Short Blades   | |  1.5
Dodging        | |  3.6
Spellcasting   | |  2.9
Ice Magic      | |  0.1

Action                   || total
-------------------------++-------
Melee: Dagger            ||   146
 Cast: Corona            ||     1
       Ensorcelled Hiber ||    12
  Use: Scroll            ||     3
       Potion            ||     1
 Stab: Sleeping          ||     7
Armor: Robe              ||    23
Dodge: Dodged            ||   142
